 Dungeon Crawl Stone Soup version 0.26-a0-597-gb535b0901c (webtiles) character file.

Game seed: 4019910641172620210

12996 vurker the Fighter (level 11, -12/107 HPs)
             Began as a Minotaur Hunter on Sept 11, 2020.
             Was an Initiate of Gozag.
             Mangled by an ettin
             ... wielding a +2 dire flail of holy wrath
              (18 damage)
             ... on level 11 of the Dungeon.
             The game lasted 00:17:24 (11789 turns).

vurker the Fighter (Minotaur Hunter)               Turns: 11789, Time: 00:17:24

Health: -12/107    AC: 23    Str: 28    XL:     11   Next: 69%
Magic:  0/10       EV:  8    Int:  8    God:    Gozag
Gold:   553        SH:  0    Dex:  2    Spells: 10/10 levels left

rFire    . . .     SeeInvis +   k - +1 hand axe (elec)
rCold    + + .     Faith    .   (no shield)
rNeg     . . .     Spirit   +   p - +5 plate armour "Finueh" {+Inv rPois Str+8 Dex-5}
rPois    +         Reflect  .   (helmet restricted)
rElec    .         Harm     .   y - +0 cloak
rCorr    .                      (no gloves)
MR       .....                  G - +1 pair of boots "Wugym" {rPois rC++ Dex-4 SInv}
Stlth    ..........             n - amulet of guardian spirit
HPRegen  0.27/turn              F - +4 ring of slaying
MPRegen  0.12/turn              (no ring)

@: about to teleport, heavily drained
A: retaliatory headbutt, horns 2
a: Potion Petition, Call Merchant, Bribe Branch, Renounce Religion, Evoke
Invisibility


You were on level 11 of the Dungeon.
You worshipped Gozag.
Gozag was pleased with you.
You visited 2 branches of the dungeon, and saw 12 of its levels.
You also visited: Sewer and Ossuary.

You collected 2374 gold pieces.
You spent 1778 gold pieces at shops.
You paid 43 gold pieces to Gozag.

Inventory:

Hand Weapons
 k - a +1 hand axe of electrocution (weapon)
   (You found it on level 1 of the Dungeon)
 I - a +0 battleaxe of freezing
   (You took it off a frost giant on level 11 of the Dungeon)
Missiles
 c - 6 javelins (quivered)
 d - 2 throwing nets
 h - 7 silver javelins
Armour
 p - the +5 plate armour "Finueh" (worn) {+Inv rPois Str+8 Dex-5}
   (You bought it in a shop on level 8 of the Dungeon)

   It affects your strength (+8).
   It affects your dexterity (-5).
   It protects you from poison.
   It lets you turn invisible.
 y - a +0 cloak (worn)
   (You took it off Crazy Yiuf on level 6 of the Dungeon)
 G - the +1 pair of boots "Wugym" (worn) {rPois rC++ Dex-4 SInv}
   (You bought it in a shop on level 8 of the Dungeon)

   It affects your dexterity (-4).
   It greatly protects you from cold.
   It protects you from poison.
   It lets you see invisible.
 H - a +3 plate armour of cold resistance
   (You bought it in a shop on level 8 of the Dungeon)
Jewellery
 a - an uncursed amulet of regeneration
   (You found it on level 2 of the Dungeon)
 n - an amulet of guardian spirit (around neck)
   (You found it on level 11 of the Dungeon)
 v - an uncursed ring of ice
   (You found it on level 4 of the Dungeon)
 F - a +4 ring of slaying (left hand)
   (You found it on level 5 of the Dungeon)
Wands
 t - a wand of flame (21)
   (You found it on level 11 of the Dungeon)
Scrolls
 e - 3 scrolls of blinking
 f - 2 scrolls of immolation
 m - 2 scrolls of enchant weapon
 o - 2 scrolls of teleportation
 q - a scroll of magic mapping
 r - 5 scrolls of remove curse
 w - a scroll of fog
 D - 2 scrolls of enchant armour
 E - 3 scrolls of identify
Potions
 b - a potion of ambrosia
 g - 10 potions of curing
 i - a potion of berserk rage {unknown}
 j - 5 potions of flight
 l - 3 potions of haste
 s - 2 potions of mutation
 u - 5 potions of degeneration
 x - a potion of cancellation
 z - a potion of resistance {unknown}
 A - a potion of lignification
 B - 6 potions of heal wounds
 C - 2 potions of brilliance {unknown}


   Skills:
 + Level 13.5(11.8) Fighting
 + Level 0.0 Axes
 - Level 8.0(6.5) Throwing
 + Level 11.7(10.1) Armour
 - Level 10.0(8.4) Dodging
 - Level 0.7(0.0) Stealth


You had 10 spell levels left.
You didn't know any spells.
Your spell library contained the following spells:

 Spells                   Type           Power        Failure   Level
 Animate Skeleton         Necr           #.....       98%         1
 Apportation              Tloc           #.....       98%         1
 Corona                   Hex            #......      98%         1
 Pain                     Necr           #...         98%         1
 Shock                    Conj/Air       #...         98%         1
 Summon Small Mammal      Summ           #...         98%         1
 Swiftness                Air            #.......     99%         2
 Static Discharge         Conj/Air       #.......     100%        3
 Vampiric Draining        Necr           #.........   100%        3
 Airstrike                Air            #.........   100%        4
 Animate Dead             Necr           #.........   100%        4
 Agony                    Necr           #.......     100%        5
 Lightning Bolt           Conj/Air       #.........   100%        5


Dungeon Overview and Level Annotations

Branches:
Dungeon (11/15)            Temple (1/1) D:4            Lair (0/6) D:11
    Orc (0/2) D:10          Sewer (visited)         Ossuary (visited)

Altars:
Ashenzari
Cheibriados
Dithmenos
Elyvilon
Fedhas
Gozag
Hepliaklqana
Kikubaaqudgha
Makhleb
Nemelex Xobeh
Okawaru
Qazlal
Ru
Sif Muna
Trog
Uskayaw
Vehumet
Wu Jian
Xom
Yredelemnul
Zin
The Shining One

Shops:
D:8 [

Annotations:
D:4 3 runed translucent doors, sinister's ghost, amateur MiFi


Innate Abilities, Weirdness & Mutations

You reflexively headbutt those who attack you in melee.
You have a pair of horns on your head.


Message History

You now have 553 gold pieces (gained 23).
There is a large open translucent door, spattered with blood here.
You see here a +0 battleaxe of freezing.
There is a large open translucent door, spattered with blood here.
You see here a +0 battleaxe of freezing.
I - a +0 battleaxe of freezing Your +1 hand axe of electrocution stops crackling.
Your +0 battleaxe of freezing glows with a cold blue light!
I - a +0 battleaxe of freezing (weapon)
Setting a skill training target for Axes at 20.0.
Unknown command.
You see here 20 sling bullets.
Found an iron altar of Okawaru.
An ettin comes into view.
It is wielding a +2 dire flail of holy wrath and a +0 great mace of draining.
The ettin shouts in stereo!
Found an opulent altar of Gozag.
You hit the ettin but do no damage. Your headbutt misses the ettin.
The ettin hits you with a +2 dire flail of holy wrath!
The ettin hits you with a +0 great mace of draining!
You feel drained.
You hit the ettin. You freeze the ettin.
The ettin hits you with a +2 dire flail of holy wrath.
The ettin hits you with a +0 great mace of draining.
You feel drained.
You barely miss the ettin. You headbutt the ettin.
The ettin hits you with a +2 dire flail of holy wrath!
The ettin closely misses you. The ettin barely misses you.
The ettin hits you with a +0 great mace of draining!
* * * LOW HITPOINT WARNING * * *
You feel drained.
* * * LOW HITPOINT WARNING * * *
Your +0 battleaxe of freezing stops glowing.
You hear the crackle of electricity.
k - a +1 hand axe of electrocution (weapon)
You hit the ettin but do no damage.
The ettin hits you with a +2 dire flail of holy wrath.
* * * LOW HITPOINT WARNING * * *
The ettin hits you with a +0 great mace of draining!
* * * LOW HITPOINT WARNING * * *
You feel drained.
* * * LOW HITPOINT WARNING * * *
You see here a flail.
There is a large open translucent door here.
As you read the scroll of teleportation, it crumbles to dust.
You feel strangely unstable.
The ettin hits you with a +2 dire flail of holy wrath!!
* * * LOW HITPOINT WARNING * * *
The ettin hits you with a +0 great mace of draining!!
You die...
Your body crumbles into a pile of gold.

.......# ####.###
.....# ####.# #.##
###### #..# #.....
######## #).# #.....
......# #..##
#....8####8...# #...#
#....'@..))...#
#...####....8#C.#8...#
#.#.......####''####.#
#.#..##...#⌠.#).#.⌠#.#
#.#..##.#.#..#..#..#)#
#.#.).#.#.#._#..#_.#.#
#.#.#.#...#..#.(#..#.#
##.>.#.#...##......##.#
#......#.#..########..#


You could see an ettin.

Vanquished Creatures
  A frost giant (D:11)
  2 two-headed ogres (D:11)
  A tengu warrior (D:11)
  2 unseen horrors
  2 ugly things (D:11)
  A manticore (D:11)
  A troll (D:11)
  3 tyrant leeches
  Prince Ribbit (D:9)
  3 hippogriffs
  2 vampires (D:10)
  3 yaks (D:10)
  Eustachio (D:6)
  3 vampire mosquitoes (D:10)
  Menkaure (D:6)
  4 orc warriors
  4 sky beasts
  3 ice beasts
  A phantom (D:11)
  3 ogres
  3 centaurs
  5 big kobolds
  3 bullfrogs
  A wyvern zombie (D:9)
  A water moccasin zombie (D:7)
  7 scorpions
  4 wights (D:5)
  7 howler monkeys
  2 bullfrog zombies
  2 jellies
  4 centaur skeletons
  3 orc priests
  Crazy Yiuf (D:6)
  7 hounds
  An iguana (D:9)
  2 bullfrog skeletons
  11 orc wizards
  6 worker ants
  A killer bee zombie (D:9)
  5 hound skeletons
  8 mummies (Ossuary)
  A howler monkey zombie (D:6)
  5 gnolls
  11 adders
  2 shadow imps
  4 white imps
  2 ufetubi (D:8)
  2 oozes
  2 adder zombies
  An adder skeleton (D:9)
  A worm (D:3)
  4 dart slugs
  2 leopard geckos
  31 orcs
  2 ball pythons
  11 bats
  8 giant cockroaches
  6 goblins
  2 hobgoblins
  17 jackals
  26 kobolds
  4 quokkas
  2 frilled lizards
  A gnoll zombie (Ossuary)
  3 hobgoblin zombies (Ossuary)
  2 kobold zombies (Ossuary)
  2 orc zombies (Ossuary)
  A quokka skeleton (D:5)
  8 rats
  A spectral orc (D:2)
290 creatures vanquished.

Vanquished Creatures (others)
  2 fungi (Sewer)
  2 plants (Sewer)
4 creatures vanquished.

Grand Total: 294 creatures vanquished

Notes
Turn   | Place    | Note
-------+----------+-------------------------------------------
     0 | D:1      | vurker the Minotaur Hunter began the quest for the Orb.
     0 | D:1      | Reached XP level 1. HP: 18/18 MP: 0/0
   293 | D:1      | Reached XP level 2. HP: 25/25 MP: 1/1
   589 | D:1      | Reached skill level 3 in Fighting
  1016 | D:2      | Found a basalt altar of Yredelemnul.
  1066 | D:2      | Reached XP level 3. HP: 31/31 MP: 2/2
  1355 | D:2      | Reached skill level 5 in Throwing
  1419 | D:3      | Noticed a sky beast
  1442 | D:3      | Killed a sky beast
  1442 | D:3      | Reached skill level 4 in Fighting
  1442 | D:3      | Reached XP level 4. HP: 10/40 MP: 3/3
  1442 | D:3      | Reached XP level 5. HP: 12/46 MP: 4/4
  2051 | D:4      | Found a staircase to the Ecumenical Temple.
  2070 | Temple   | Entered the Ecumenical Temple
  2336 | Temple   | Became a worshipper of Gozag Ym Sagoz the Greedy
  2600 | D:4      | Reached XP level 6. HP: 53/53 MP: 5/5
  2616 | D:4      | Reached skill level 5 in Fighting
  2773 | D:4      | Noticed an ice beast
  2780 | D:4      | Found a runed translucent gate.
  2780 | D:4      | Found a runed translucent gate.
  2780 | D:4      | Found a runed translucent gate.
  2943 | D:4      | Noticed sinister's ghost (amateur MiFi)
  2981 | D:5      | Entered Level 5 of the Dungeon
  2999 | D:5      | Found a sand-covered staircase.
  3008 | Ossuary  | Entered an ossuary
  3123 | Ossuary  | Reached XP level 7. HP: 51/61 MP: 6/6
  3380 | D:5      | Found a glowing drain.
  3394 | Sewer    | Entered a sewer
  3424 | Sewer    | Reached skill level 6 in Fighting
  3586 | Sewer    | Got a twisted robe
  3653 | Sewer    | Reached skill level 7 in Fighting
  3741 | D:5      | Found an iron altar of Okawaru.
  3779 | D:5      | Reached skill level 1 in Armour
  3786 | D:5      | Reached XP level 8. HP: 24/73 MP: 7/7
  3913 | D:5      | Reached skill level 8 in Fighting
  4658 | D:6      | Noticed Eustachio
  4702 | D:6      | Killed Eustachio
  4702 | D:6      | Reached skill level 9 in Fighting
  4702 | D:6      | Reached skill level 5 in Dodging
  4763 | D:6      | Noticed Menkaure
  4778 | D:6      | Reached skill level 5 in Armour
  4778 | D:6      | Reached XP level 9. HP: 83/83 MP: 8/8
  4782 | D:6      | Killed Menkaure
  5067 | D:6      | Found a runed translucent door.
  5068 | D:6      | Noticed Crazy Yiuf
  5403 | D:6      | Killed Crazy Yiuf
  5957 | D:8      | Reached skill level 10 in Fighting
  6007 | D:8      | Found a shimmering blue altar of Sif Muna.
  6135 | D:8      | Found Genaqeta's Antique Armour Emporium.
  6156 | D:8      | Bought a polished plate armour for 784 gold pieces
  6156 | D:8      | Bought a pair of warped boots for 266 gold pieces
  6161 | D:8      | Identified the +1 pair of boots "Wugym" {rPois rC++ Dex-4
                  | SInv} (You bought it in a shop on level 8 of the Dungeon)
  6171 | D:8      | Identified the +5 plate armour "Finueh" {+Inv rPois Str+8
                  | Dex-5} (You bought it in a shop on level 8 of the Dungeon)
  6221 | D:8      | Got a twisted hand crossbow
  6596 | D:8      | Identified the +6 hand crossbow of the Forsaken Priests
                  | {elec, Int+2 SInv} (You found it on level 8 of the Dungeon)
  6819 | D:8      | Reached XP level 10. HP: 94/94 MP: 9/9
  7110 | D:9      | Noticed Prince Ribbit
  7252 | D:9      | Killed Prince Ribbit
  7408 | D:9      | Reached skill level 11 in Fighting
  7731 | D:8      | Bought a shiny plate armour for 728 gold pieces
  7782 | D:10     | Entered Level 10 of the Dungeon
  7784 | D:10     | Found a staircase to the Orcish Mines.
  7865 | D:10     | Noticed an unseen horror
  7873 | D:10     | Killed an unseen horror
  8956 | D:10     | Reached skill level 12 in Fighting
  9257 | D:10     | Found the +12 Vampire's Tooth {vamp}
  9609 | D:10     | Found a staircase to the Orcish Mines.
 10268 | D:10     | Found a staircase to the Orcish Mines.
 10622 | D:10     | Reached XP level 11. HP: 68/104 MP: 10/10
 10953 | D:11     | Noticed a two-headed ogre
 10955 | D:11     | Noticed a green ugly thing
 10961 | D:11     | Killed a two-headed ogre
 10961 | D:11     | Reached skill level 10 in Armour
 10969 | D:11     | Killed a green ugly thing
 11188 | D:11     | Noticed an unseen horror
 11198 | D:11     | Killed an unseen horror
 11198 | D:11     | Reached skill level 10 in Dodging
 11200 | D:11     | Noticed a two-headed ogre
 11209 | D:11     | Killed a two-headed ogre
 11286 | D:11     | Found a staircase to the Lair.
 11333 | D:11     | Noticed a tengu warrior
 11334 | D:11     | Noticed a red ugly thing
 11349 | D:11     | Killed a tengu warrior
 11361 | D:11     | Killed a red ugly thing
 11361 | D:11     | Reached skill level 13 in Fighting
 11615 | D:11     | Found a large runed translucent door.
 11617 | D:11     | Found a large runed translucent door.
 11629 | D:11     | Noticed a frost giant
 11642 | D:11     | Killed a frost giant
 11771 | D:11     | Found an iron altar of Okawaru.
 11774 | D:11     | Found an opulent altar of Gozag.
 11774 | D:11     | Noticed an ettin
 11789 | D:11     | Mangled by an ettin

Illustrated notes

Levels and vault maps discovered:
D:1:      dpeg_arrival_castle, layout_loops_ring
D:2:      layout_rooms, yredelemnul_forgotten_temple_becter
D:3:      layout_loops_ring
D:4:      layout_loops_ring, minmay_temple_entry_glass, gammafunk_ghost_icy,
          hangedman_glass_teeth
D:5:      layout_loops_ring, nicolae_ossuary_entry_ruins, gup_sewer_entry_pipe,
          okawaru_ov_weapons_minmay
D:6:      layout_basic, uniq_eustachio, uniq_crazy_yiuf_cottage, uniq_menkaure
D:7:      layout_basic
D:8:      minmay_razor_zed, layout_basic, serial_shops, shop, basic_altar
D:9:      layout_basic, uniq_prince_ribbit1
D:10:     layout_long_grid, david_orc_2, minmay_guarded_unrand_vampires_tooth
D:11:     layout_basic, lair_entry_dummy, minmay_large_rounded_square,
          jmf_multi_god_temple2
Temple:   nicolae_temple_the_god_donut

Skill      XL: |  1  2  3  4  5  6  7  8  9 10 11 |
---------------+----------------------------------+-----
Fighting       | 3 4 5 7 9 10 12 13 | 13.5
Throwing       | 5 6 7 8 |  8.0
Armour         | 1 5 7 9 11 | 11.7
Dodging        | 5 7 9 10 | 10.0
Stealth        | |  0.7

Action                   |  1- 3 |  4- 6 |  7- 9 | 10-12 || total
-------------------------+-------+-------+-------+-------++-------
Melee: Short sword       |    36 |       |       |       ||    36
       Headbutt          |    18 |    22 |    64 |    58 ||   162
       Hand axe          |    44 |   101 |   340 |   329 ||   814
       Quarterstaff      |       |       |    18 |       ||    18
       Battleaxe         |       |       |       |     3 ||     3
Invok: Potion Petition   |       |       |       |     1 ||     1
  Use: Scroll            |       |     7 |    14 |     3 ||    24
       Potion            |       |       |     1 |     3 ||     4
 Stab: Distracted        |       |       |     1 |       ||     1
Armor: Leather armour    |    10 |       |       |       ||    10
       Chain mail        |    35 |    60 |   212 |       ||   307
       Skin              |       |       |    12 |    18 ||    30
       Plate armour      |       |       |    49 |   232 ||   281
Dodge: Dodged            |    45 |    41 |   173 |   148 ||   407

Table legend: (Time is in decaauts)
 A = Elapsed time spent in this place.
 B = Non-inter-level travel time spent in this place.
 C = Inter-level travel time spent in this place.
 D = Time resting spent in this place.
 E = Time spent auto-exploring this place.
 F = Levels seen in this place.
 G = Mean time per level.
                   A        B        C        D        E       F      G
               +--------+--------+--------+--------+--------+-----+--------+
         Total |  12078 |  11674 |    404 |    533 |   8416 |  14 |  862.7 |
       Dungeon |  11147 |  10753 |    394 |    533 |   7794 |  11 | 1013.4 |
        Temple |    277 |    267 |     10 |      0 |    243 |   1 |  277.0 |
         Sewer |    332 |    332 |      0 |      0 |    183 |   1 |  332.0 |
       Ossuary |    321 |    321 |      0 |      0 |    196 |   1 |  321.0 |
               +--------+--------+--------+--------+--------+-----+--------+

Top non-repeatable levels by time:
    D:10: 2611 daAuts
     D:9: 1349 daAuts
     D:8: 1109 daAuts
     D:6: 1018 daAuts
     D:1: 986 daAuts
     D:5: 921 daAuts
    D:11: 898 daAuts
     D:4: 667 daAuts
     D:3: 581 daAuts
     D:2: 511 daAuts
     D:7: 492 daAuts
   Sewer: 332 daAuts
 Ossuary: 321 daAuts
  Temple: 277 daAuts
